 Dungeon Crawl Stone Soup version 0.24-a0-459-g225fefd530 (webtiles) character file.

Game seed: 3650518784920266879

1852 Acheron the Skirmisher (level 9, -1/55 HPs)
             Began as a Gargoyle Fighter on June 29, 2019.
             Was a Believer of Okawaru.
             Splashed by a jelly's acid (7 damage)
             ... on level 7 of the Dungeon.
             The game lasted 00:20:11 (3897 turns).

Acheron the Skirmisher (Gargoyle Fighter)           Turns: 3897, Time: 00:20:12

Health: -1/55      AC: 11    Str: 20    XL:     9   Next: 12%
Magic:  14/14      EV:  9    Int: 10    God:    Okawaru [**....]
Gold:   260        SH: 10    Dex: 11    Spells: 15/15 levels left

rFire    . . .     SeeInvis .   a - +2 war axe
rCold    . . .     Gourm    .   c - +0 shield
rNeg     + . .     Faith    .   b - +0 scale mail
rPois    ∞         Spirit   .   (no helmet)
rElec    +         Reflect  .   q - +1 cloak
rCorr    .         Harm     .   (no gloves)
MR       .....                  (no boots)
Stlth    +.........             (no amulet)
HPRegen  0.18/turn              (no ring)
MPRegen  0.14/turn              (no ring)

@: corroded
A: negative energy resistance 1, electricity resistance, unbreathing,
petrification resistance, rot immunity, AC +6
a: Heroism, Renounce Religion


You were on level 7 of the Dungeon.
You worshipped Okawaru.
Okawaru was pleased with you.
You were not hungry.

You visited 2 branches of the dungeon, and saw 8 of its levels.

You collected 260 gold pieces.

Inventory:

Hand Weapons
 a - a +2 war axe (weapon)
 h - a +2 dire flail of draining
   (You took it off Blork the orc on level 4 of the Dungeon)
 r - a +0 hunting sling
   (You took it off a goblin on level 3 of the Dungeon)
Missiles
 g - 81 stones
 j - 19 poisoned darts
 p - 8 boomerangs (quivered)
Armour
 b - a +0 scale mail (worn)
 c - a +0 shield (worn)
 q - a +1 cloak (worn)
   (You found it on level 3 of the Dungeon)
Jewellery
 d - an uncursed ring of protection from cold {unknown}
   (You found it on level 5 of the Dungeon)
Wands
 u - a wand of paralysis (6)
   (You found it on level 7 of the Dungeon)
 x - a wand of acid (7)
   (You found it on level 5 of the Dungeon)
Scrolls
 m - a scroll of teleportation {@r4}
 s - a scroll of fear
 t - a scroll of magic mapping
 v - a scroll of remove curse {@r2}
 y - a scroll of fog
 z - a scroll of identify {@r1}
Potions
 f - 2 potions of curing {@q1}
 i - a potion of invisibility {unknown}
 k - a potion of magic {unknown}
 l - a potion of lignification {unknown}
 n - 3 potions of flight
 o - 2 potions of degeneration {unknown}
 w - a potion of ambrosia {unknown}
Comestibles
 e - 5 rations {!d}
 A - 4 chunks of flesh


   Skills:
 * Level 5.8 Fighting
 * Level 3.9 Axes
 + Level 1.3 Throwing
 + Level 4.8 Armour
 * Level 3.4 Dodging
 * Level 4.7 Stealth
 + Level 5.3 Shields
 * Level 3.6 Spellcasting
 * Level 2.4 Invocations
 * Level 1.9 Evocations


You had 15 spell levels left.
You didn't know any spells.
Your spell library was empty.

Dungeon Overview and Level Annotations

Branches:
Dungeon (7/15)             Temple (1/1) D:5

Altars:
Ashenzari
Cheibriados
Fedhas
Gozag
Hepliaklqana
Kikubaaqudgha
Nemelex Xobeh
Okawaru
Qazlal
Ru
Sif Muna
Trog
Uskayaw
Wu Jian
Yredelemnul
Zin
The Shining One

Annotations:
D:3 Sigmund
D:4 exclusion: upstairs
D:6 Dowan, Duvessa


Innate Abilities, Weirdness & Mutations

You are resistant to torment.
Your stone body is resilient. (AC +6)
You are immune to poison.
You resist negative energy. (rN+)
You are resistant to electric shocks. (rElec)
You can survive without breathing.
You are immune to petrification.
You are immune to rotting.


Message History

The howler monkey hits you but does no damage.
The hippogriff bites you.
* * * LOW HITPOINT WARNING * * *
You block the hippogriff's attack.
The hippogriff claws you but does no damage.
The howler monkey closely misses you.
You hit the hippogriff.
You hit the howler monkey but do no damage.
You block the hippogriff's attack. x2; The hippogriff barely misses you.
The howler monkey barely misses you.
The hippogriff bites you but does no damage.
The hippogriff pecks you.
* * * LOW HITPOINT WARNING * * *
The hippogriff claws you but does no damage.
You hit the hippogriff.
You kill the hippogriff!
Okawaru accepts your kill.
You have reached level 9!
Your experience leads to an increase in your attributes!
Increase (S)trength, (I)ntelligence, or (D)exterity?
You feel agile.
You hit the howler monkey. The howler monkey hits you.
* * * LOW HITPOINT WARNING * * *
The howler monkey hits you but does no damage.
You slash the howler monkey!
You kill the howler monkey!
Okawaru accepts your kill. The jelly barely misses you.
You hit the jelly.
Your hands burn!
* * * LOW HITPOINT WARNING * * *
The jelly barely misses you.
You slash the jelly!
Your hands burn!
* * * LOW HITPOINT WARNING * * *
The jelly closely misses you.
You hit the jelly.
You kill the jelly!
Okawaru accepts your kill. You block the jelly's attack.
You hit the jelly. The acid corrodes you!
Your hands burn!
* * * LOW HITPOINT WARNING * * *
You block the jelly's attack.
You slash the jelly!
Your hands burn!
* * * LOW HITPOINT WARNING * * *
You block the jelly's attack.
You hit the jelly.
Your hands burn!
* * * LOW HITPOINT WARNING * * *
You block the jelly's attack. The jelly hits you.
* * * LOW HITPOINT WARNING * * *
You are splashed with acid!
You die...

####......##...'..l.J..
#.......####...#...5J..
#.####### #..J##.....#
#.# #..h# #...## #.#
#...# ###### #.# #÷..#
##..... #.## +..S#
......# #..#
#..Z##.....# ##.#
#...#@†....# ##.#
#...J....### ...#
########## ####
######.## #.<.....#


You could see a jelly.

Vanquished Creatures
  An ugly thing (D:7)
  A hippogriff (D:7)
  A water moccasin (D:6)
  A sky beast (D:5)
  2 centaurs (D:5)
  Blork the orc (D:4)
  2 bullfrogs
  2 scorpions
  A killer bee (D:7)
  A howler monkey (D:7)
  A jelly (D:7)
  A bullfrog skeleton (D:7)
  3 hounds
  2 orc wizards (D:5)
  Jessica (D:3)
  An iguana (D:5)
  Natasha (twice) (D:5)
  3 worker ants
  A worker ant zombie (D:6)
  An adder (D:7)
  2 oozes
  An adder zombie (D:5)
  3 adder skeletons
  3 dart slugs
  3 leopard geckos
  14 orcs
  3 giant cockroaches
  8 goblins
  2 hobgoblins (D:1)
  2 jackals (D:1)
  8 kobolds
  A quokka (D:2)
  7 bats
  3 frilled lizards
  19 rats
108 creatures vanquished.

Notes
Turn   | Place    | Note
-------+----------+-------------------------------------------
     0 | D:1      | Acheron the Gargoyle Fighter began the quest for the Orb.
     0 | D:1      | Reached XP level 1. HP: 14/14 MP: 1/1
   295 | D:1      | Reached XP level 2. HP: 19/19 MP: 2/2
   394 | D:2      | Reached XP level 3. HP: 15/24 MP: 3/3
   572 | D:1      | Reached skill level 1 in Stealth
   574 | D:1      | Reached skill level 1 in Spellcasting
   633 | D:1      | Reached XP level 4. HP: 29/29 MP: 5/5
  1530 | D:3      | Found a faded altar of an unknown god.
  1668 | D:3      | Noticed Jessica
  1675 | D:3      | Killed Jessica
  1900 | D:3      | Noticed Sigmund
  1910 | D:3      | Reached skill level 1 in Dodging
  1959 | D:4      | Reached XP level 5. HP: 31/33 MP: 7/7
  1978 | D:4      | Noticed Blork the orc
  2021 | D:4      | Killed Blork the orc
  2021 | D:4      | Reached XP level 6. HP: 10/39 MP: 8/8
  2522 | D:5      | Entered Level 5 of the Dungeon
  2531 | D:4      | Noticed Natasha
  2538 | D:5      | Killed Natasha
  2654 | D:5      | Noticed a sky beast
  2672 | D:5      | Killed a sky beast
  2672 | D:5      | Reached XP level 7. HP: 36/44 MP: 10/10
  2746 | D:5      | Found a staircase to the Ecumenical Temple.
  2757 | D:5      | Noticed Natasha
  2789 | Temple   | Entered the Ecumenical Temple
  2893 | Temple   | Became a worshipper of Warmaster Okawaru
  3015 | D:5      | Reached skill level 5 in Fighting
  3157 | D:5      | Found a blossoming altar of Fedhas.
  3161 | D:5      | Killed Natasha
  3250 | D:5      | Reached skill level 5 in Shields
  3307 | D:6      | Reached * piety under Okawaru
  3307 | D:6      | Reached XP level 8. HP: 46/49 MP: 12/12
  3328 | D:6      | Reached skill level 1 in Invocations
  3688 | D:6      | Noticed Duvessa
  3688 | D:6      | Noticed Dowan
  3807 | D:7      | Noticed a green ugly thing
  3816 | D:7      | Killed a green ugly thing
  3816 | D:7      | Reached ** piety under Okawaru
  3816 | D:7      | Reached skill level 1 in Throwing
  3816 | D:7      | Reached skill level 1 in Evocations
  3833 | D:7      | Noticed a hippogriff
  3890 | D:7      | Killed a hippogriff
  3890 | D:7      | Reached XP level 9. HP: 21/55 MP: 14/14
  3897 | D:7      | Splashed by a jelly's acid

Levels and vault maps discovered:
D:1:      dpeg_arrival_boxes_within_box, layout_loops_ring,
          minmay_rat_gold_closets
D:2:      layout_basic, dk_noncrumbling_3, hangedman_decor_points
D:3:      layout_basic, chequers_ecumenical_altar_simple,
          minmay_increasing_density, uniq_sigmund, uniq_jessica,
          uniq_crazy_yiuf_cottage
D:4:      layout_basic, first_ration, minmay_misc_feat_square, uniq_ijyb,
          uniq_natasha, uniq_blork_the_orc
D:5:      layout_basic, temple_pool_b, fedhas_ov_isle_minmay
D:6:      layout_basic, moated_statue, uniq_duvessa
D:7:      minmay_opposing_rooms, layout_loops_cross, serial_shops, shop
Temple:   regret_index_temple_sphere_string

Skill      XL: |  1  2  3  4  5  6  7  8 |
---------------+-------------------------+-----
Axes           | 2 3 |  3.9
Stealth        | 1 2 3 4 |  4.7
Spellcasting   | 1 2 3 |  3.6
Fighting       | 4 5 |  5.8
Dodging        | 1 2 3 |  3.4
Shields        | 4 5 |  5.3
Armour         | 4 |  4.8
Invocations    | 2 |  2.4
Throwing       | 1 |  1.3
Evocations     | 1 |  1.9

Action                   |  1- 3 |  4- 6 |  7- 9 || total
-------------------------+-------+-------+-------++-------
Melee: War axe           |    82 |   141 |   148 ||   371
Invok: Heroism           |       |       |     2 ||     2
Evoke: Wand              |       |       |     1 ||     1
  Use: Scroll            |     1 |     8 |     5 ||    14
       Potion            |       |     1 |       ||     1
 Stab: Paralysed         |       |       |     5 ||     5
  Eat: Chunk             |       |     6 |     1 ||     7
       Ration            |       |       |     1 ||     1
Armor: Scale mail        |    57 |   112 |   115 ||   284
Dodge: Dodged            |    33 |    60 |    87 ||   180
Block: Shield            |    50 |    82 |   110 ||   242

Table legend:
 A = Non-vault XP
 B = Vault XP
 C = Vault XP percentage of total XP
 D = Non-vault monster count
 E = Vault monster count
 F = Vault count percentage of total count
                 A         B        C        D         E       F
            +---------+---------+-------+---------+---------+-------
      Total |    1362 |    1285 |  48.5 |      87 |      21 |  19.4
            +---------+---------+-------+---------+---------+-------
        D:1 |      43 |       9 |  17.3 |      20 |       9 |  31.0
        D:2 |      55 |       0 |   0.0 |      15 |       0 |   0.0
        D:3 |      19 |      42 |  68.9 |      12 |       3 |  20.0
        D:4 |     198 |     128 |  39.3 |       9 |       2 |  18.2
        D:5 |     659 |      36 |   5.2 |      19 |       1 |   5.0
        D:6 |     272 |       0 |   0.0 |       9 |       0 |   0.0
        D:7 |     116 |    1070 |  90.2 |       3 |       6 |  66.7
            +---------+---------+-------+---------+---------+-------
